 Dungeon Crawl Stone Soup version 0.18.1-5-g4a78601 (console) character file.

736 chessman the Covert (level 8, -3/45 HPs)
             Began as a Kobold Assassin on May 14, 2016.
             Slain by an ice beast (11 damage)
             ... on level 5 of the Dungeon.
             The game lasted 00:23:30 (4743 turns).

chessman the Covert (Kobold Assassin)               Turns: 4743, Time: 00:23:30

Health: -3/45      AC:  4    Str:  6 (9)  XL:     8   Next: 4%
Magic:  8/8        EV: 19    Int: 10 (11) God:
Gold:   200        SH:  0    Dex: 18 (20) Spells: 0 memorised, 7 levels left

rFire  + . .     SeeInvis .     a - +2 dagger (holy)
rCold  . . .     Gourm    +     c - +0 robe
rNeg   . . .     Faith    .     (shield restricted)
rPois  .         Spirit   .     (no helmet)
rElec  .         Dismiss  .     d - +0 cloak
rCorr  .         Reflect  .     (no gloves)
SustAt .         Harm     .     x - +0 pair of boots
MR     .....                    D - amulet of the gourmand
Stlth  +++++.....               (no ring)
                                l - ring of protection from fire

@: not resistant to hostile enchantments, quite stealthy
A: carnivore 3, clever 1
a: no special abilities


You were on level 5 of the Dungeon.
You were very full.

You visited 1 branch of the dungeon, and saw 5 of its levels.

You collected 200 gold pieces.

Inventory:

Hand Weapons
 a - a +2 dagger of holy wrath (weapon)
 b - a +0 blowgun
Missiles
 e - 27 poisoned needles
 f - 2 curare-tipped needles
 i - 82 stones
 u - 7 tomahawks (quivered)
Armour
 c - a +0 robe (worn)
 d - a +0 cloak (worn)
 x - a +0 pair of boots (worn)
Jewellery
 l - a ring of protection from fire (left hand)
 D - an amulet of the gourmand (around neck)
Wands
 w - a wand of flame (13/48)
 y - a wand of lightning (6/15)
 B - a wand of random effects (17/48)
Scrolls
 h - a scroll of identify {unknown}
 j - 4 scrolls of remove curse {unknown}
 m - a scroll of recharging {unknown}
 n - 2 scrolls of magic mapping {unknown}
 o - 3 scrolls of enchant weapon {unknown}
 p - 4 scrolls of teleportation {unknown}
 s - 2 scrolls of amnesia {unknown}
 t - 2 scrolls of blinking {unknown}
 v - a scroll of noise {unknown}
Potions
 q - 2 potions of flight
 r - 5 potions of agility
 E - a potion of curing
Comestibles
 g - 2 meat rations
 k - a beef jerky


   Skills:
 + Level 2.9 Fighting
 + Level 4.3 Short Blades
 + Level 4.4 Throwing
 * Level 5.9 Dodging
 - Level 8.4 Stealth


You had 7 spell levels left.
You didn't know any spells.

Dungeon Overview and Level Annotations

Branches:
Dungeon (5/15)
 Temple: D:4-7

Altars:
Nemelex Xobeh
Pakellas
Qazlal
Trog


Innate Abilities, Weirdness & Mutations

You are small and have problems with some larger weapons.
You are carnivorous and can eat meat at any time.
Your mind is acute. (Int +2)


Message History

The ice beast completely misses you.
Evoke which item? (* to show all) (? for menu, Esc to quit)
Zapping:
w - a wand of flame {zapped: 2} (will waste charges)
Press: ? - help, Shift-Dir - straight line, f/p - ice beast
Aim: an ice beast (lightly wounded)
The puff of flame hits the ice beast.
The ice beast melts!
The ice beast is moderately wounded.
Evoking this partially-identified wand wasted a few charges.
The ice beast hits you. The ice beast freezes you!
* * * LOW HITPOINT WARNING * * *
Evoke which item? (* to show all) (? for menu, Esc to quit)
Zapping:
w - a wand of flame {zapped: 4} (will waste charges)
Press: ? - help, Shift-Dir - straight line, f/p - ice beast
Aim: an ice beast (moderately wounded)
The puff of flame misses the ice beast.
Evoking this partially-identified wand wasted a few charges.
The ice beast hits you.
* * * LOW HITPOINT WARNING * * *
The ice beast freezes you!
You die...

#.#.##.#### #.# #.#.......# #.#
## #.####.##.# #.# .. ... #.
#.##.# #.# ..... #>####.##.###.#
#...# ##+# #........†....# #.#.#
##...##########.##### ...#
##.....## ##......# ##..#
##..?....## ##..#.##.#
###...####.........####..###.#.#
.........+.....Y@..'......#÷##.#
###...####.........####....###(#
##..# ##......<## ##...# #.#
##)# ##.....## ##..# #.# ####.#
##...## #..###.# #)...# ##+#
#......# #.#### #[# ##.##### #.#
#.# #.# #.# ##.## #.# #.#
##...## #.# #.#
#.....#########.#


You could see an ice beast.

Vanquished Creatures
  2 phantoms (D:4)
  3 scorpions
  An orc priest (D:5)
  An iguana (D:4)
  3 orc wizards
  3 worker ants (D:4)
  A worker ant zombie (D:3)
  3 gnolls (D:4)
  4 adders
  An ooze (D:3)
  An adder zombie (D:3)
  An adder skeleton (D:3)
  2 dart slugs (D:3)
  4 worms
  4 giant geckos
  12 orcs
  A ball python (D:1)
  4 bats
  3 giant cockroaches
  7 goblins
  8 hobgoblins
  6 jackals
  5 quokkas
  5 giant newts
  8 kobolds
  11 rats
104 creatures vanquished.

Notes
Turn   | Place    | Note
--------------------------------------------------------------
     0 | D:1      | chessman the Kobold Assassin began the quest for the Orb.
     0 | D:1      | Reached XP level 1. HP: 12/12 MP: 1/1
    86 | D:1      | Reached XP level 2. HP: 17/17 MP: 2/2
   408 | D:1      | Reached skill level 6 in Stealth
   613 | D:1      | Reached XP level 3. HP: 21/21 MP: 3/3
   748 | D:2      | Found an oddly glowing altar of Pakellas.
   835 | D:2      | You fall through a shaft for 2 floors!
   838 | D:4      | Reached skill level 7 in Stealth
   838 | D:4      | Reached XP level 4. HP: 26/26 MP: 4/4
   958 | D:4      | Noticed a phantom
  1336 | D:2      | Noticed a fire elemental
  1658 | D:2      | Found a stormy altar of Qazlal.
  1659 | D:2      | Noticed a water elemental
  1660 | D:2      | Noticed an earth elemental
  1660 | D:2      | Noticed an air elemental
  2035 | D:2      | Reached XP level 5. HP: 30/30 MP: 5/5
  2592 | D:3      | Reached skill level 8 in Stealth
  3039 | D:4      | Reached XP level 6. HP: 32/36 MP: 6/6
  3232 | D:4      | Killed a phantom
  3660 | D:4      | Reached XP level 7. HP: 36/40 MP: 7/7
  3886 | D:4      | Reached skill level 5 in Dodging
  4028 | D:5      | Entered Level 5 of the Dungeon
  4056 | D:5      | Found a sparkling altar of Nemelex Xobeh.
  4121 | D:5      | Found a bloodstained altar of Trog.
  4419 | D:5      | Reached XP level 8. HP: 32/45 MP: 8/8
  4729 | D:5      | Gained mutation: Your mind is acute. (Int +2) [potion of beneficial mutation]
  4743 | D:5      | Slain by an ice beast

Skill      XL: |  1  2  3  4  5  6  7 |
---------------+----------------------+-----
Stealth        | 6 7 8 |  8.4
Short Blades   | 3 4 |  4.3
Dodging        | 2 4 5 |  5.9
Throwing       | 3 4 |  4.4
Fighting       | |  2.9

Action                   |  1- 3 |  4- 6 |  7- 9 || total
-------------------------+-------+-------+-------++-------
Melee: Dagger            |    38 |   213 |    77 ||   328
 Fire: Blowgun           |       |    44 |    20 ||    64
Throw: Tomahawk          |       |    11 |     9 ||    20
       Stone             |       |       |     2 ||     2
Evoke: Wand              |       |       |     3 ||     3
  Use: Potion            |       |     3 |     4 ||     7
 Stab: Sleeping          |    14 |    16 |     3 ||    33
  Eat: Chunk             |     7 |     9 |     3 ||    19
Armor: Robe              |     2 |    21 |     6 ||    29
Dodge: Dodged            |    10 |   124 |    40 ||   174
